 Dungeon Crawl Stone Soup version 0.29.1-12-g30fa7ad0bf (webtiles) character file.

Game seed: 1567663543189639637

459 FexLirch the Cudgeller (level 6, -10/48 (52) HPs)
             Began as a Palentonga Fighter on Dec 30, 2022.
             Mangled by a wight
             ... wielding a +3 morningstar of freezing
              (15 damage)
             ... on level 7 of the Dungeon.
             The game lasted 00:05:29 (3982 turns).

FexLirch the Cudgeller (Palentonga Fighter)         Turns: 3982, Time: 00:05:29

HP:   -10/48 (52)   AC: 13    Str: 24    XL:     6   Next: 78%
MP:   6/6           EV:  7    Int:  8    God:
Gold: 155           SH:  4    Dex:  9    Spells: 5/5 levels left

rFire   . . .      SeeInvis +   C - +2 flail (protect)
rCold   . . .      Faith    .   c - +0 buckler
rNeg    . . .      Spirit   .   b - +0 scale mail
rPois   .          Reflect  .   (no helmet)
rElec   .          Harm     .   t - scarf {+Inv}
rCorr   .          Rampage  .   (no gloves)
Will    .....                   (no barding)
Stlth   ..........              r - amulet of magic regeneration
HPRegen 0.16/turn               (no ring)
MPRegen 0.50/turn               (no ring)

@: mighty, under a protective aura, drained
A: large, rugged brown scales 3, see invisible, deformed body, roll 1, armoured
tail
a: Rolling Charge, Evoke Invisibility


You were on level 7 of the Dungeon.
You visited 1 branch of the dungeon, and saw 6 of its levels.

You collected 155 gold pieces.

Inventory:

Hand Weapons
 a - a +0 flail
 d - a +4 mace of protection
 e - a +0 sling
 C - a +2 flail of protection (weapon)
Missiles
 q - 7 poisoned darts (quivered)
Armour
 b - a +0 scale mail (worn)
 c - a +0 buckler (worn)
 n - a +0 chain mail
 t - a scarf of invisibility (worn)
 x - a +0 robe of willpower
Jewellery
 g - a ring of wizardry
 r - an amulet of magic regeneration (around neck)
 B - a ring of willpower
Wands
 u - a wand of mindburst (15)
 v - a wand of flame (30)
Scrolls
 i - a scroll of enchant weapon {unknown}
 j - 2 scrolls of blinking
 k - a scroll of fear {unknown}
 m - 2 scrolls of enchant armour
 p - 3 scrolls of teleportation
 y - a scroll of magic mapping {unknown}
Potions
 h - 2 potions of magic
 l - a potion of cancellation {unknown}
 o - a potion of might
 w - 3 potions of lignification
 z - a potion of brilliance {unknown}
 A - a potion of resistance {unknown}


   Skills:
 + Level 4.6 Fighting
 * Level 5.4 Maces & Flails
 - Level 2.4 Armour
 + Level 4.1 Shields


You had 5 spell levels left.
You didn't know any spells.
Your spell library contained the following spells:

 Spells                   Type           Power      Damage    Failure   Level
 Sandblast                Erth           0%         2d4       78%         1
 Passwall                 Tmut/Erth      0%         N/A       89%         2
 Ozocubu's Armour         Ice            0%         N/A       98%         3
 Stone Arrow              Conj/Erth      0%         3d7       98%         3
 Ozocubu's Refrigeration  Ice            0%         4d7       100%        7


Dungeon Overview and Level Annotations

Branches:
Dungeon (8/15)
 Temple: D:4-7         Lair: D:8-11

Altars:

Annotations:
D:7 Menkaure


Innate Abilities, Weirdness & Mutations

You are completely covered in rugged brown scales. (AC +3, +7% HP)
You have supernaturally acute eyesight. (SInv)
Armour fits poorly on your strangely shaped body.
You can roll at nearby foes to attack.
You have a long armoured tail.


Message History

You destroy the wight!
Your life force feels restored.
You hit the wight. You tail-slap the wight!
You destroy the wight!
Items here: )) [[.
You barely miss the wight. The wight hits you but does no damage.
The wight hits you with a +3 morningstar of freezing!
The wight freezes you.
You completely miss the wight.
Your tail-slap misses the wight.
The wight hits you but does no damage.
The wight hits you with a +3 morningstar of freezing.
You feel drained. The wight freezes you.
* * * LOW HITPOINT WARNING * * *
You sock the wight!
The wight is heavily damaged.
You block the wight's attack.
The wight hits you with a +3 morningstar of freezing.
* * * LOW HITPOINT WARNING * * *
The wight freezes you.
* * * LOW HITPOINT WARNING * * *
You closely miss the wight.
Your tail-slap misses the wight.
The wight is heavily damaged.
The wight hits you with a +0 vorpal long sword.
* * * LOW HITPOINT WARNING * * *
x2 The wight hits you but does no damage.
You feel better. You block the wight's attack.
The wight hits you with a +3 morningstar of freezing.
* * * LOW HITPOINT WARNING * * *
You feel drained.
* * * LOW HITPOINT WARNING * * *
The wight freezes you.
* * * LOW HITPOINT WARNING * * *
You sock the wight!
The wight is almost destroyed.
The wight hits you with a +0 vorpal long sword.
* * * LOW HITPOINT WARNING * * *
You feel drained.
* * * LOW HITPOINT WARNING * * *
The wight hits you with a +3 morningstar of freezing!
You die...

############
#>@z........
#..z.#####
#.##...!##
#.#####..###
#.# ##...###
#.# ###...#
#.# ###.#
#.# #.# #.
#....z.#


You could see 2 wights.

Vanquished Creatures
  A water moccasin (D:8)
  A phantom (D:4)
  2 wights (D:7)
  Crazy Yiuf (D:3)
  Terence (D:2)
  4 adders
  3 worms
  2 dart slugs (D:1)
  2 orcs
  7 ball pythons
  5 endoplasms
  5 giant cockroaches
  10 goblins
  6 hobgoblins
  2 jackals (D:2)
  9 kobolds
  2 quokkas
  4 bats
  5 frilled lizards
  9 rats
81 creatures vanquished.

Notes
Turn   | Place    | Note
-------+----------+-------------------------------------------
     0 | D:1      | FexLirch the Palentonga Fighter began the quest for the
                  | Orb.
     0 | D:1      | Reached XP level 1. HP: 19/19 MP: 1/1
    76 | D:1      | Reached XP level 2. HP: 23/25 MP: 2/2
   569 | D:1      | Reached XP level 3. HP: 28/31 MP: 3/3
   745 | D:1      | Reached skill level 3 in Maces & Flails
  1594 | D:2      | Reached XP level 4. HP: 33/38 MP: 4/4
  1777 | D:2      | Noticed Terence
  1790 | D:2      | Killed Terence
  2378 | D:3      | Reached XP level 5. HP: 42/44 MP: 5/5
  2394 | D:3      | Reached skill level 4 in Maces & Flails
  2854 | D:3      | Found a runed translucent door.
  2855 | D:3      | Noticed Crazy Yiuf
  2861 | D:3      | Killed Crazy Yiuf
  3146 | D:3      | Found a faded altar of an unknown god.
  3354 | D:4      | Noticed a phantom
  3367 | D:4      | Killed a phantom
  3513 | D:4      | You fall into a shaft and drop 3 floors!
  3527 | D:7      | Noticed a centaur
  3528 | D:7      | Noticed Menkaure
  3716 | D:8      | Noticed a water moccasin
  3725 | D:8      | Killed a water moccasin
  3726 | D:8      | Reached skill level 5 in Maces & Flails
  3726 | D:8      | Reached XP level 6. HP: 21/52 MP: 6/6
  3958 | D:8      | Noticed a two-headed ogre
  3982 | D:7      | Mangled by a wight

Illustrated notes

Levels and vault maps discovered:
D:1:      tarquinn_simple_flora_water_c, layout_loops_cross
D:2:      layout_loops_corners, uniq_terence
D:3:      layout_loops_ring, dilly_ecumenical_altar_fadedgnrine,
          serial_aquarium, aquarium_bridge_square [aquarium_subvault_wall,
          aquarium_subvault_bridge, aquarium_subvault_window,
          aquarium_subvault_bridge], aquarium_window_corridor_1,
          aquarium_window_1, aquarium_window_corner, aquarium_view_2f,
          aquarium_view_4, aquarium_pool_1, uniq_crazy_yiuf_cottage
D:4:      black_bear_nest_1, layout_cave_pools
D:7:      layout_basic, uniq_menkaure
D:8:      layout_loops_ring, nicolae_gozag_seed_capital, serial_shops, shop,
          uniq_pikel

Skill      XL: |  1  2  3  4  5 |
---------------+----------------+-----
Shields        | 3 4 |  4.1
Maces & Flails | 3 5 |  5.4
Fighting       | 4 |  4.6
Armour         | |  2.4

Action                   |  1- 3 |  4- 6 || total
-------------------------+-------+-------++-------
Melee: Flail             |   117 |    25 ||   142
       Tailslap          |     7 |     9 ||    16
       Mace              |       |    73 ||    73
Throw: Dart              |       |     1 ||     1
 Abil: Rolling Charge    |       |     1 ||     1
  Use: Potion            |       |     5 ||     5
       Scroll            |       |     7 ||     7
Armor: Scale mail        |    44 |    44 ||    88
Dodge: Dodged            |    50 |    25 ||    75
Block: Buckler           |    27 |    17 ||    44
